[Event "Women Accentus DAQ Blitz 2022"]
[Site "Biel"]
[Date "2022.07.17"]
[Round "1.1"]
[White "Zhuang, Yongzhe"]
[Black "Cornileau, Juliette"]
[Result "1-0"]
[ECO "B10"]
[WhiteElo "1838"]
[BlackElo "1900"]
[Annotator "TA"]
[PlyCount "27"]
[EventDate "2022.07.17"]
[EventType "tourn"]
[EventCountry "SUI"]
[SourceTitle "playchess.com"]
[Source "ChessBase"]
[SourceQuality "1"]
[TimeControl "180+2"]

1. e4 c6 2. c4 d5 3. exd5 cxd5 4. cxd5 Nf6 5. Nc3 Nxd5 6. Nf3 Nc6 7. Bb5 {[%emt 0:00:02] B10: Caro-Kann: 2 d3 and 2 c4.} Bg4 (7... e6 $11) 8. Qa4 $14 {[%emt 0:00:22][%csl LRc6,LRg4] [#]} Ndb4 $146 {[%emt 0:00:45][%mdl 8192] [#]} ({Predecessor:} 8... Nxc3 9. Bxc6+ bxc6 10. Qxc6+ Bd7 11. Qxc3 Rc8 12. Qe3 Bb5 13. a4 Ba6 14. b4 e6 {1-0 (35) Boyer,M (2412)-Dushyant,S (2270) Chess.com INT 2021}) 9. Bxc6+ {[%emt 0:00:08] White is winning.} bxc6 10. Qxb4 Bxf3 11. gxf3 e5 12. Qe4 {[%emt 0:00:08][%csl LRc6,LRe5] White is clearly winning.} Qf6 13. d4 {[%emt 0:00:12] Inhibits Bc5.} Bd6 (13... Qe6 $142 14. dxe5 Rb8) 14. Qxc6+ {[%emt 0:00:07] Black got outplayed after the opening.  Weighted Error Value: White=0.11 (very precise) /Black=1.37} 1-0

[Event "Women Accentus DAQ Blitz 2022"]
[Site "Biel"]
[Date "2022.07.17"]
[Round "1.2"]
[White "Avilova, Yulia"]
[Black "Tamrazyan, Gohar"]
[Result "0-1"]
[ECO "A13"]
[WhiteElo "1646"]
[BlackElo "1916"]
[Annotator "TA"]
[PlyCount "76"]
[EventDate "2022.07.17"]
[EventType "tourn"]
[EventCountry "SUI"]
[SourceTitle "playchess.com"]
[Source "ChessBase"]
[SourceQuality "1"]
[TimeControl "180+2"]

1. Nf3 d5 2. c4 e6 3. e3 c5 4. cxd5 exd5 5. d4 Nc6 6. Nc3 Nf6 7. Be2 Be7 8. O-O O-O 9. b3 Bg4 10. Bb2 cxd4 {[%emt 0:00:21] A13: English Opening: 1...e6.} 11. Nxd4 Bxe2 12. Ndxe2 (12. Ncxe2 $14 {might be stronger.} Qd7 13. Rc1) 12... Rc8 {[%emt 0:00:03] [#] The position is equal.} 13. Qd2 $146 ({Predecessor:} 13. Qd3 Qd7 14. Rad1 Rfd8 15. h3 Ne5 16. Qb1 Nf3+ 17. gxf3 Qxh3 18. Ng3 g6 19. Nce2 {1-0 (29) Ollier,P (2373)-Zuloaga Erauskin,M (1937) San Sebastian 2019}) 13... Bb4 14. a3 Ne4 15. Qc2 Bxc3 16. Nxc3 Nf6 17. Rfd1 Qd7 18. Rd2 (18. Qd3 $16) 18... Qe6 19. Rad1 Rfd8 20. Ba1 Ne7 (20... d4 $11 21. exd4 Rxd4 $1) 21. Qb2 $16 a6 22. e4 d4 {[%emt 0:00:05] [#]} 23. Rxd4 ({White should play} 23. f3 $1 $16) 23... Rxd4 $11 24. Rxd4 Nc6 (24... Nf5 $1 $11 25. Rb4 a5) 25. Rd1 $16 Qg4 26. f3 Qg5 27. Nd5 Nxd5 28. Rxd5 ({White must play} 28. exd5 $16 Nb8 29. Qe2) 28... Ne5 $11 {[%emt 0:00:36] Strongly threatening ...Qe3+.} 29. Rxe5 $4 (29. Kf2 $11 Qh4+ 30. Kf1) 29... Qe3+ $19 30. Kf1 Rc1+ 31. Qxc1 Qxc1+ {[%emt 0:00:01][%mdl 4096] Endgame KQ-KRB} 32. Ke2 Qc2+ 33. Ke3 Qxb3+ 34. Kf4 f6 35. Re7 (35. Rd5 $142) 35... Qxa3 36. Rxb7 Qxa1 37. Rb8+ Kf7 38. h4 Qe5+ {Weighted Error Value: White=1.00/Black=0.34} 0-1

[Event "Women Accentus DAQ Blitz 2022"]
[Site "Biel"]
[Date "2022.07.17"]
[Round "1.4"]
[White "Sumarriva Paulin, Laura"]
[Black "Moracchini, Margaux"]
[Result "0-1"]
[ECO "B23"]
[WhiteElo "1913"]
[BlackElo "1937"]
[Annotator "TA"]
[PlyCount "104"]
[EventDate "2022.07.17"]
[EventType "tourn"]
[EventCountry "SUI"]
[SourceTitle "playchess.com"]
[Source "ChessBase"]
[SourceQuality "1"]
[TimeControl "180+2"]

1. e4 c5 2. Nc3 d6 3. g3 g6 4. Bg2 Bg7 5. d3 e6 6. Nge2 {[%emt 0:00:02] B23: Closed Sicilian: Lines without g3.} Ne7 7. O-O O-O 8. Bg5 {[%emt 0:00:05] The position is equal.} h6 9. Be3 Nbc6 10. Qd2 Kh7 11. h3 a6 {[%emt 0:00:06] [#]} 12. f4 $146 ({Predecessor:} 12. d4 cxd4 13. Nxd4 Nxd4 14. Bxd4 e5 15. Be3 Qc7 16. Rad1 Rd8 17. Na4 Qc6 18. Nb6 {1-0 (35) Djordjevic,D (2166)-Smietanska,W (2013) Chess.com INT 2020}) 12... Nd4 13. Nd1 b5 14. c3 Nxe2+ 15. Qxe2 Bb7 16. g4 Qc7 17. Bf2 f5 18. Bg3 Rae8 19. Ne3 fxe4 20. dxe4 Qb6 21. Kh2 d5 22. exd5 exd5 23. Qd3 (23. Rae1 $11) 23... Rd8 (23... c4 $15 24. Qd2 d4 25. Bxb7 dxc3) 24. f5 Rf6 $2 {[%emt 0:00:02] [#]} (24... c4 $11 25. Qe2 (25. fxg6+ Nxg6 26. Qd2 d4 $15) 25... gxf5) 25. fxg6+ $18 Nxg6 26. Nf5 ({Inferior is} 26. Bxd5 Re6 27. Rf7 (27. c4 $2 bxc4 28. Nxc4 Qb5 $19) 27... c4 28. Rxb7 cxd3 $11) (26. Nxd5 Bxd5 27. Bxd5 Kh8) 26... Kh8 (26... d4 {was called for.}) 27. Rae1 c4 (27... Bc8 $142 28. Qd2 (28. Bxd5 Bb7 $15) 28... Bxf5) 28. Qd2 Rdf8 29. Nxh6 $2 (29. h4 $18 {has better winning chances.}) 29... Rxf1 $16 30. Rxf1 (30. Bxf1 $16 d4 31. Nf5) 30... Rxf1 $11 {[%emt 0:00:11] Chess con chili.} 31. Bxf1 {[%emt 0:00:01] [#] aiming for Nf5.} d4 $40 {[%emt 0:00:04][%mdl 128] Strongly threatening ...dxc3. Black has some attack.} 32. cxd4 {[%emt 0:00:03] Threatens to win with Nf5.} Bxd4 (32... Qc6 $1 $15 33. d5 Qxd5 34. Qxd5 Bxd5) 33. Bf2 $2 {[%emt 0:00:09][%mdl 8192] White is now going downhill.} Bxf2 34. Bg2 Bg1+ 35. Kh1 Bxg2+ 36. Kxg2 Be3 37. Qc2 Nh4+ (37... Qc6+ $142 38. Kh2 Bxh6 39. g5 Bxg5 40. Qe2 Bf4+ 41. Kg1 c3 42. bxc3 Qxc3 43. Qe8+ Kg7 44. Qd7+ Kh6 45. Qe6 Qd2 46. Kf1 Be3 47. Qf6 Bd4 48. Qxd4 Qxd4 49. Ke2 Qe4+ 50. Kf2 Nf4 51. Kg3 Kg5 52. h4+ Kf5 53. Kf2 Qe2+ 54. Kg3 Qg2#) 38. Kg3 $19 Bxh6 39. Kxh4 Qf6+ 40. Kg3 Qf4+ 41. Kg2 Qf6 $2 ({Black should play} 41... Qd2+ $19 42. Qxd2 Bxd2) 42. Qe2 $2 (42. Kg3 $11 Qf4+ 43. Kg2) 42... Qc6+ 43. Kg1 Qc5+ 44. Kg2 Qc6+ 45. Kg1 $1 Qb6+ 46. Kg2 Qe3 47. Qc2 Qd3 48. Qf2 Qd5+ 49. Kh2 Qe5+ 50. Kg2 Qe4+ 51. Kh2 Bf4+ 52. Kg1 Be3 {[%emt 0:00:01] Weighted Error Value: White=0.80/Black=0.81} 0-1

[Event "Women Accentus DAQ Blitz 2022"]
[Site "Biel"]
[Date "2022.07.17"]
[Round "2.1"]
[White "Cornileau, Juliette"]
[Black "Moracchini, Margaux"]
[Result "0-1"]
[ECO "E73"]
[WhiteElo "1900"]
[BlackElo "1937"]
[Annotator "TA"]
[PlyCount "78"]
[EventDate "2022.07.17"]
[EventType "tourn"]
[EventCountry "SUI"]
[SourceTitle "playchess.com"]
[Source "ChessBase"]
[SourceQuality "1"]
[TimeControl "180+2"]

1. d4 Nf6 2. c4 g6 3. Nc3 Bg7 4. e4 d6 5. Be2 O-O 6. Bg5 h6 7. Be3 e5 8. d5 a5 {[%emt 0:00:06] 8...Na6 is the modern continuation.} 9. Qd2 Kh7 {[%emt 0:00:02] E73: King's Indian: Averbakh Variation without 6...c5.} (9... Nxe4 $14 10. Nxe4 f5) 10. Bd1 ({White should play} 10. h4 $16) 10... Ng4 11. Bxg4 Bxg4 {[%emt 0:00:01] White is slightly better.} 12. f3 Bd7 {[%emt 0:00:04] [#]} 13. Nge2 $146 (13. h4 $14) ({Predecessor:} 13. g4 f5 14. h3 Na6 15. O-O-O a4 16. Nge2 fxe4 17. fxe4 Rf3 18. Rdf1 Qf6 19. Rfg1 {0-1 (58) Kretov,E (2269)-Garcia Garcia,A (2247) Chess.com INT 2021}) 13... Na6 14. O-O f5 15. f4 Nc5 (15... g5 $15 16. g3 (16. fxg5 f4 $17) 16... gxf4 17. gxf4 fxe4) 16. fxe5 dxe5 17. Bxc5 $18 Rf7 18. Rad1 b6 19. Be3 f4 20. Bf2 Qg5 21. Kh1 Qg4 22. Ng1 Raf8 23. Nf3 Qh5 24. d6 c6 25. c5 b5 26. Qd3 g5 27. Nb1 g4 28. Nh4 (28. Ne1 $18) 28... g3 $16 {[%emt 0:00:01] [#]} 29. hxg3 ({Better is} 29. Nf3 $1) 29... fxg3 $2 (29... Bf6 $16) 30. Qxg3 $4 (30. Bxg3 $18 {was the only winning move.} Bf6 {[#]} 31. Rxf6 $1 (31. Qf3 $2 Bg4 $17) 31... Rxf6 32. Kg1) 30... Rxf2 $1 $19 {[%emt 0:00:05][%mdl 64] Deflection} 31. Rxf2 (31. Kg1 {nothing else works.} R8f4 32. Nf3 Rxb2 33. Rd2) 31... Qxd1+ 32. Kh2 Rxf2 (32... Qxb1 $2 33. Rxf8 Qxe4 34. Rf7 $18) 33. Qxf2 {[%emt 0:00:05][%cal Of2f7] Qf7! is the strong threat.} Qxb1 34. Qg3 (34. Qf7 $142 Qxe4 35. Qxd7 Qxh4+ 36. Kg1) 34... Qxe4 35. Nf3 Qf4 36. Qxf4 exf4 37. Kg1 Bxb2 38. Nd4 Bxd4+ 39. Kf1 Bxc5 {[%emt 0:00:01] Weighted Error Value: White=1.04/Black=0.52} 0-1

[Event "Women Accentus DAQ Blitz 2022"]
[Site "Biel"]
[Date "2022.07.17"]
[Round "2.2"]
[White "Ciarletta, Iris"]
[Black "Sumarriva Paulin, Laura"]
[Result "1/2-1/2"]
[ECO "D24"]
[WhiteElo "1717"]
[BlackElo "1913"]
[Annotator "TA"]
[PlyCount "242"]
[EventDate "2022.07.17"]
[EventType "tourn"]
[EventCountry "SUI"]
[SourceTitle "playchess.com"]
[Source "ChessBase"]
[SourceQuality "1"]
[TimeControl "180+2"]

1. d4 d5 2. c4 e6 3. Nf3 Nf6 4. Nc3 dxc4 5. e4 Bb4 6. Qc2 O-O {[%emt 0:00:03] D24: Queen's Gambit Accepted: 3 Nf3 Nf6 4 Nc3.} (6... b5 $1 $11) 7. Bxc4 (7. e5 $5 Nd5 8. Bxc4 $14) 7... a6 (7... Nc6 $14) 8. O-O $16 b5 {[%emt 0:00:02] [#] White is clearly better.} 9. Be2 $146 ({Predecessor:} 9. Bd3 e5 10. dxe5 Ng4 11. h3 Nxe5 12. Nxe5 Bxh3 13. gxh3 Qh4 14. Qe2 {1-0 (16) Batard,D (2019)-Crahan,G (1770) France 2005}) 9... Bb7 10. e5 Nd5 11. Ne4 (11. Ng5 {with more complications.} g6 12. Nce4 Kg7 13. Nf3) 11... Nd7 12. Bd2 (12. Neg5 $16 g6 13. a3) 12... Be7 13. Rfc1 Rc8 14. Qd1 {[%emt 0:00:07] White is more active.} ({Reject} 14. Neg5 g6 $11) (14. Nfg5 $14) 14... c5 $15 15. Bc3 (15. a4 $11) 15... Nxc3 $17 16. Nxc3 Nb6 17. dxc5 Bxc5 18. a3 Nd5 (18... Nd7 $17 19. Rc2 Qe7) 19. Nxd5 Bxd5 20. b4 Ba7 21. Rxc8 Qxc8 22. Rc1 {[%emt 0:00:02] Inhibits Qc3.} Qb7 23. h3 h6 24. Rc3 Qb6 25. Qf1 Rd8 26. g3 (26. Qe1 $142) 26... Qb7 (26... Qb8 $142 {Threatens to win with ...f6.} 27. Qb1 Rf8) 27. Kg2 (27. Qc1 $17) 27... Bd4 28. Rd3 Bxe5 29. Qd1 (29. Kg1 $142 Bb2 30. Qb1) 29... Bf6 30. Kg1 Rc8 31. Ne1 Bc4 {[%emt 0:00:15] A strong pair of Bishops.} 32. Bf3 Qc7 33. Rd7 Qe5 34. Bb7 (34. Ng2 $17 {is a better defense.}) 34... Rf8 35. Bxa6 $2 (35. Qc1 $17) 35... Qb2 (35... Ra8 $19 36. Nf3 Qb2) 36. Bb7 Qxa3 37. Nc2 Qc3 38. Be4 Bb3 39. Qd3 Qb2 40. Ne3 Ba4 41. Qb1 (41. Bh7+ $142 Kh8 42. Qd6 Qc1+ 43. Kg2) 41... Qc3 42. Rd3 (42. h4 $17) 42... Qc7 $19 43. Rd2 Qe5 (43... Be7 $19 {has better winning chances. And now ...Qc3 would win.} 44. Bh7+ Kh8) 44. Ng4 $17 Qc3 45. Nxf6+ Qxf6 46. Rd6 Qe5 47. Rc6 Rd8 48. Rc1 (48. Qd3 $15 Qf6 49. Rd6) 48... g6 (48... f5 $17 49. Bd3 Rd4 50. Rc8+ Kf7) 49. Re1 {[%emt 0:00:04] [#]} (49. Bxg6 $1 $11 fxg6 50. Qxg6+ Qg7 51. Qxe6+ Kh8 52. Qb6) 49... Qf6 (49... Rd2 $1 $19 50. Qc1 Qd4) 50. Bg2 $2 (50. Bd3 $17 {keeps fighting.}) 50... Rd2 $19 51. Rf1 Bc2 52. Qe1 Rd8 (52... Qd4 $142 53. Qe3 Qxb4) 53. Qc1 Bb3 ({Black should play} 53... Qc3 $17 {Strongly threatening ...Rd4.} 54. Be4 Rd2) 54. Be4 (54. Qxh6 $15 Bc4 55. Rb1) 54... Bc4 55. Re1 Kg7 56. Qe3 Rd7 57. Rc1 Rd8 $2 (57... Qd4 $19 {White must now prevent ...Qxe3.} 58. Qe1 Qd2 59. Qxd2 Rxd2) 58. Bg2 $2 (58. Re1 $1 $11) 58... Rd4 59. h4 (59. Qe1 $17) 59... Rd3 60. Qe4 (60. Qc5 $142) 60... Rd2 61. Qe3 Rb2 62. Qc5 Re2 63. Bf1 Rb2 $2 (63... Re5 $19 64. Qc7 Bxf1 65. Rxf1 Rf5) 64. Bxc4 $11 bxc4 65. Rxc4 {[%emt 0:00:02][%mdl 4096] Endgame KQR-KQR} Rb1+ 66. Rc1 Rb2 67. Qc3 (67. b5 $11) 67... Qxc3 $17 68. Rxc3 Rxb4 {[%emt 0:00:01] KR-KR} 69. Kg2 Rb2 70. Kf3 Rb4 (70... h5 $17) 71. Ke3 (71. Kg2 $1 $11 {keeps the balance.}) 71... Kf6 72. f3 Ra4 73. g4 (73. Rb3 $142) 73... Rb4 ({Black should try} 73... h5 $17 74. gxh5 gxh5) 74. f4 $2 {[%emt 0:00:02][%mdl 8192] [#]} (74. Rc5 $15) 74... Ra4 $2 (74... g5 $1 $19 {is more deadly.} 75. hxg5+ hxg5 76. fxg5+ Kxg5) 75. g5+ $2 (75. Kf3 $17 {was the only chance.}) 75... hxg5 $19 76. hxg5+ Kg7 $2 (76... Kf5 $19 77. Rc7 Re4+ 78. Kd3 Rxf4 79. Rxf7+ Kxg5) 77. Kf3 Rb4 78. Rc7 Ra4 79. Ke3 Rb4 80. Rd7 Rc4 81. Rd6 Rb4 82. Kf3 Rc4 83. Kg4 e5 {[%emt 0:00:03] Hoping for ...Kf8.} 84. Kg3 $2 (84. Rf6 $11) 84... Rxf4 85. Rd3 Rf5 86. Kg4 Kf8 87. Rd7 Ke8 88. Ra7 Kf8 (88... Rf4+ $17 89. Kg3 Kd8) 89. Ra5 $2 (89. Rd7 $1 $11 {and White stays safe.}) 89... f6 ({Better is} 89... Ke7 $19 90. Ra6 Rf4+ 91. Kg3 Kd7) 90. gxf6 {[%emt 0:00:01][%mdl 64] Remove Defender} Rxf6 (90... Kf7 $17 91. Ra7+ Kxf6 92. Ra6+ Kg7 93. Ra7+ Rf7) 91. Rxe5 $11 {[%emt 0:00:01] The position is equal.} Kg7 92. Re7+ Kh6 93. Re8 $1 Ra6 94. Re7 Ra4+ 95. Kg3 Kh5 96. Rh7+ Kg5 97. Rb7 Ra3+ 98. Kg2 Kh5 99. Rh7+ Kg4 100. Rb7 Ra2+ 101. Kg1 g5 102. Rb3 Kh4 103. Kh1 g4 104. Kg1 g3 105. Rb8 Ra1+ 106. Kg2 Ra2+ 107. Kg1 Ra5 108. Rh8+ Kg4 109. Rg8+ Kf3 (109... Kh3 $5 110. Rh8+ Kg4 $11) 110. Rf8+ Kg4 111. Rg8+ Rg5 (111... Kf3 $5 112. Rf8+ Ke3 $11) 112. Rf8 Kh3 113. Rh8+ Kg4 114. Kg2 Rg7 115. Rf8 Kh4 116. Rf4+ Kg5 117. Rf3 Kh4 118. Rf4+ Rg4 119. Rf8 Rg6 120. Rf4+ Rg4 121. Rf8 Rg6 {[%emt 0:00:01] And White is the lucky defender.  Weighted Error Value: White=0.48/Black=0.36} 1/2-1/2

[Event "Women Accentus DAQ Blitz 2022"]
[Site "Biel"]
[Date "2022.07.17"]
[Round "2.3"]
[White "Tamrazyan, Gohar"]
[Black "Keymer, Cecilia"]
[Result "1-0"]
[ECO "D00"]
[WhiteElo "1916"]
[BlackElo "1652"]
[Annotator "TA"]
[PlyCount "45"]
[EventDate "2022.07.17"]
[EventType "tourn"]
[EventCountry "SUI"]
[SourceTitle "playchess.com"]
[Source "ChessBase"]
[SourceQuality "1"]
[TimeControl "180+2"]

1. d4 d5 2. Nc3 Nf6 3. Bf4 Bf5 4. e3 e6 5. Bd3 Bxd3 6. cxd3 {[%emt 0:00:01] D00: 1 d4 d5: Unusual lines.} Bd6 7. Nge2 Nc6 8. O-O {[%emt 0:00:05] The position is equal.} O-O {[%emt 0:00:03] [#]} 9. a3 $146 ({Predecessor:} 9. Bxd6 Qxd6 10. f4 Rfd8 11. Rc1 a6 12. a3 Ne7 13. b4 Nf5 14. Rf3 a5 15. Qb3 axb4 16. axb4 {½-½ (57) Taalaibekov,T (2223)-Van den Heever,D (2247) Baku 2016}) 9... a6 10. Rc1 Bxf4 11. Nxf4 e5 12. dxe5 Nxe5 13. Qb3 c6 (13... d4 $11 14. exd4 Qxd4) 14. e4 (14. Qxb7 $14 Qd6 15. d4) 14... d4 15. Nce2 Qd7 16. Qb4 Rad8 17. Rfd1 Qd6 (17... Qg4 $11 18. Qxb7 g5) 18. Qxb7 ({Better is} 18. Qxd6 $14 Rxd6 19. Ng3) 18... Rb8 (18... g5 $11) 19. Qa7 $16 ({Reject} 19. Qxa6 Rxb2 20. Rb1 Ra2 $11) 19... Rxb2 (19... g5 $1 $14) 20. Nxd4 (20. Qxd4 $16 Qb8 21. Qe3) 20... Ned7 {[%emt 0:00:28] [#]} (20... Neg4 $11 {keeps the balance.} 21. g3 Nxf2 22. Rxc6 Qxa3) 21. g3 $1 {[%emt 0:00:20] White is more active.} Nc5 $2 (21... c5 $16 22. Nf5 Qb6 23. Ne7+ Kh8 24. Qxb6 Rxb6) 22. Qxc5 Rc8 23. Qxd6 {[%emt 0:00:01] Weighted Error Value: White=0.33/Black=0.46} 1-0

[Event "Women Accentus DAQ Blitz 2022"]
[Site "Biel"]
[Date "2022.07.17"]
[Round "3.1"]
[White "Avilova, Yulia"]
[Black "Cornileau, Juliette"]
[Result "1/2-1/2"]
[ECO "A30"]
[WhiteElo "1646"]
[BlackElo "1900"]
[Annotator "TA"]
[PlyCount "88"]
[EventDate "2022.07.17"]
[EventType "tourn"]
[EventCountry "SUI"]
[SourceTitle "playchess.com"]
[Source "ChessBase"]
[SourceQuality "1"]
[TimeControl "180+2"]

1. Nf3 Nf6 2. c4 c5 3. e3 d5 4. cxd5 Nxd5 {[%emt 0:00:02] [#]} 5. e4 $146 ({Predecessor:} 5. Nc3 Nc6 6. d4 e6 7. Bd3 Be7 8. O-O O-O 9. Qe2 b6 10. Nxd5 exd5 11. dxc5 bxc5 12. Rd1 Be6 13. b3 Bf6 14. Bb2 Nb4 15. Ne1 Qe7 16. Rac1 Rac8 {1-0 (52) Nakamura,H (2736)-Mamedyarov,S (2762) chess24.com INT 2021}) 5... Nf6 (5... Nb4 $1 $15) 6. e5 {[%emt 0:00:02] A30: Symmetrical English: Double Fianchetto and Hedgehog.} Nd5 7. Nc3 Nc6 8. Bc4 {[%emt 0:00:02] The position is equal.} e6 9. Qb3 (9. O-O $11) 9... Nb6 10. Bb5 Bd7 11. O-O Be7 (11... c4 $5 12. Qd1 (12. Bxc4 $2 Na5 $19) 12... a6 13. Bxc6 Bxc6 $15) 12. Rd1 (12. d4 $15) 12... O-O (12... c4 $17 13. Qc2 (13. Bxc4 $2 Na5 $19) 13... Nb4) 13. Bxc6 (13. d4 $15) 13... Bxc6 $17 14. Ne2 $2 {[%emt 0:00:07][%mdl 8192] [#]} (14. d4 $15) 14... c4 $2 (14... Ba4 $19 {has better winning chances.} 15. Qe3 Bxd1) 15. Qc3 Qd3 (15... Rc8 $142 {...Nd5 is the strong threat.} 16. d4 Nd5) 16. Qxd3 cxd3 17. Ned4 Bxf3 18. Nxf3 Rac8 19. b3 f6 $36 {[%emt 0:00:24][%mdl 2048] White is under pressure.} 20. Bb2 Rc2 21. Bc3 Nd5 22. Nd4 (22. exf6 $11 gxf6 23. Ne1) 22... Nxc3 ({But not} 22... fxe5 23. Nxc2 dxc2 24. Rdc1 $16) 23. dxc3 Rxc3 (23... fxe5 $2 24. Nxc2 dxc2 25. Rdc1 $18) 24. Nxe6 Rfc8 25. f4 (25. Nf4 $17 {was necessary.} Rd8 26. exf6 Bxf6 27. Rd2) 25... fxe5 26. fxe5 Bc5+ $2 (26... Kf7 $19 27. Nf4 Rd8) 27. Nxc5 $15 R8xc5 {[%emt 0:00:01][%mdl 4096] Endgame KRR-KRR} 28. e6 Re5 29. Rd2 Rxe6 30. Rad1 Re3 ({Black should play} 30... Rd6 $15) 31. Kf2 $11 Re2+ 32. Kf1 Rc2 33. Rxd3 (33. Rxc2 $11 Rxc2 34. Rxd3) 33... Rxg2 34. Rd8+ Kf7 35. R1d7+ Kg6 36. Rd6+ Kf5 37. Rd5+ Ke4 38. Rd4+ Kf5 $2 (38... Ke5 $19 39. R4d5+ Ke4 40. Rd4+ Kf5 41. R4d5+ Kg4) 39. R8d5+ $2 (39. R4d5+ $1 $11 {and White has nothing to worry.} Kg4 40. R8d7) 39... Ke6 {[%emt 0:00:01] aiming for ...Rcf2+.} 40. Rd6+ Ke5 41. R6d5+ Kf6 42. Rd6+ Kg5 43. R6d5+ Kf6 {[%emt 0:00:01] White must now prevent ...Rcf2+.} 44. Rd6+ {[%emt 0:00:01] [#]} Ke5 $2 {[%emt 0:00:06] Weighted Error Value: White=0.70/Black=0.63} (44... Kf7 $1 $19 45. Rd7+ Kg6) 1/2-1/2

[Event "Women Accentus DAQ Blitz 2022"]
[Site "Biel"]
[Date "2022.07.17"]
[Round "3.3"]
[White "Sumarriva Paulin, Laura"]
[Black "Tamrazyan, Gohar"]
[Result "0-1"]
[ECO "D40"]
[WhiteElo "1913"]
[BlackElo "1916"]
[Annotator "TA"]
[PlyCount "92"]
[EventDate "2022.07.17"]
[EventType "tourn"]
[EventCountry "SUI"]
[SourceTitle "playchess.com"]
[Source "ChessBase"]
[SourceQuality "1"]
[TimeControl "180+2"]

1. d4 d5 2. c4 e6 3. Nc3 c5 4. e3 Nc6 5. Nf3 Nf6 6. a3 Be7 7. dxc5 Bxc5 8. b4 Be7 {[%emt 0:00:08] D40: Queen's Gambit Declined: Semi-Tarrasch with 5 e3.} 9. Be2 O-O 10. O-O a6 {[%emt 0:00:04] The position is equal.} 11. cxd5 {[%emt 0:00:17] [#]} Nxd5 $146 ({Predecessor:} 11... exd5 12. Bb2 h6 13. Rc1 Be6 14. Nd4 Nxd4 15. Qxd4 Ne8 16. Rfd1 Bf6 17. Qd2 Qd7 {½-½ (52) Yanikoglu,O (1635)-Celebi,O (1834) Antalya 2020}) 12. Nxd5 exd5 13. Bb2 Be6 14. Rc1 Bf6 15. Qd2 Qe7 16. Rfd1 Rfd8 17. Nd4 Nxd4 18. Bxd4 Rac8 19. Bf3 h6 20. Bb6 Rxc1 21. Rxc1 Rd7 (21... Ra8 $14) 22. h3 $2 ({Only move:} 22. Rc8+ $18 Kh7 23. Bc5) 22... Qd6 (22... Be5 $14) 23. Bc5 ({White should try} 23. Rc8+ $16 Kh7 24. Qc2+ (24. Bc5 Qe5 $14) 24... g6 25. Bc5) 23... Qe5 $14 24. Bd4 Qg5 25. Kh1 (25. Rc8+ {with more complications.} Kh7 26. Kf1 Qg6 27. Ke2) 25... Rd8 (25... Qh4 $14) 26. Bb6 (26. Rc7 $16) 26... Re8 27. Qd3 Qh4 28. Qe2 (28. Bxd5 Bxd5 29. Qxd5 Qxf2 $11) 28... Be5 29. Bg4 $2 (29. Kg1 $14 {stays ahead.}) 29... Bxg4 $17 30. Qxg4 Qxf2 31. Qd7 {[%emt 0:00:03] [#]} Rf8 (31... Re6 $1 $17 32. Bd4 Bxd4 33. exd4 Qxd4) 32. Bc5 Qd2 33. Rg1 Rb8 $40 {[%emt 0:00:04][%mdl 128] Black is up to no good.} 34. Qe7 Bg3 35. Bd6 (35. Rf1 $11 f6 36. Ba7 (36. Bd6 Bxd6 37. Qxd6 Re8 $17)) 35... Bxd6 36. Qxd6 {[%emt 0:00:01][%mdl 4096] Endgame KQR-KQR} Rf8 37. e4 Qd3 (37... d4 $17 {Strongly threatening ...Rc8.} 38. Rf1 Qe2) 38. exd5 $11 Qxa3 39. Qc5 {[%emt 0:00:02] [#] Against a5} (39. Qe7 $11 {keeps the balance.}) 39... Qd3 $1 $17 40. d6 Rd8 {[%emt 0:00:00] And now ...b5 would win.} 41. Qc7 (41. Re1 $17 {was the only defense.}) 41... Qxd6 $19 42. Qxb7 Rb8 43. Qa7 (43. Qe4 $142) 43... Rxb4 44. Re1 Kh7 $2 (44... Qc6 $19 {aiming for ...Rb2.} 45. Rf1 f6) 45. Qe3 $2 (45. Qxf7 $17 Qd3 46. Qa2 (46. Re8 {gets mated.} Rb1+ 47. Kh2 Qd6+)) 45... Rb8 46. Qd3+ $2 (46. Qe4+ $19 Kg8 47. Qa4) 46... Qxd3 {[%emt 0:00:01] What a fight!  Weighted Error Value: White=0.69/Black=0.39} 0-1